 Dungeon Crawl Stone Soup version 0.23.2-40-g277498a001 (webtiles) character file.

Game seed: 17310422616630465011

5077 MalarOregon the Spear-Bearer (level 10, -2/80 HPs)
             Began as a Merfolk Skald on Aug 21, 2019.
             Was an Initiate of Gozag.
             Slain by a spiny frog (20 damage)
             ... on level 1 of the Lair of Beasts.
             The game lasted 00:42:09 (12460 turns).

MalarOregon the Spear-Bearer (Merfolk Skald)       Turns: 12460, Time: 00:42:10

Health: -2/80      AC:  5    Str: 16    XL:     10   Next: 56%
Magic:  0/13       EV: 18    Int: 15    God:    Gozag
Gold:   915        SH:  0    Dex: 16    Spells: 5/13 levels left

rFire    . . .     SeeInvis .   a - +0 trident
rCold    . . .     Gourm    .   (no shield)
rNeg     . . .     Faith    .   b - +0 leather armour
rPois    .         Spirit   +   (no helmet)
rElec    .         Reflect  .   u - +0 cloak
rCorr    .         Harm     .   (no gloves)
MR       .....                  k - +0 pair of boots
Stlth    +.........             x - amulet of guardian spirit
HPRegen  0.23/turn              y - +3 ring of strength
MPRegen  0.13/turn              s - +3 ring of dexterity

@: no status effects
A: change form in water, swift swim, stealthy swim
a: Potion Petition, Call Merchant, Bribe Branch, Renounce Religion


You were on level 1 of the Lair of Beasts.
You worshipped Gozag.
Gozag was pleased with you.
You were not hungry.

You visited 3 branches of the dungeon, and saw 11 of its levels.
You also visited: Ossuary.

You collected 1231 gold pieces.
You spent 203 gold pieces at shops.
You paid 113 gold pieces to Gozag.

Inventory:

Hand Weapons
 a - a +0 trident (weapon)
   (You took it off a wight on level 6 of the Dungeon)
Missiles
 q - 2 throwing nets (quivered) {!f}
Armour
 b - a +0 leather armour (worn)
 k - a +0 pair of boots (worn)
   (You found it on level 2 of the Dungeon)
 u - a +0 cloak (worn)
   (You bought it in a shop on level 6 of the Dungeon)
Jewellery
 i - an uncursed ring of positive energy
   (You found it on level 1 of the Dungeon)
 o - an uncursed ring of protection from cold
   (You found it on level 4 of the Dungeon)
 s - a +3 ring of dexterity (right hand)
   (You found it on level 3 of the Dungeon)
 x - an amulet of guardian spirit (around neck)
   (You found it on level 4 of the Dungeon)
 y - a +3 ring of strength (left hand)
   (You took it off a crimson imp on level 6 of the Dungeon)
 C - an uncursed ring of wizardry
   (You found it in an ossuary)
 F - an uncursed ring of magical power
   (You found it on level 9 of the Dungeon)
Wands
 d - a wand of iceblast (10)
   (You found it on level 7 of the Dungeon)
 w - a wand of scattershot (8)
   (You found it on level 4 of the Dungeon)
Scrolls
 f - 2 scrolls of amnesia
 h - 4 scrolls of teleportation {@r4}
 j - 2 scrolls of remove curse {@r2}
 m - a scroll of identify {@r1}
 n - a scroll of immolation {!r}
 A - a scroll of fear
 E - a scroll of vulnerability {!r}
Potions
 c - 3 potions of ambrosia
 l - 2 potions of lignification {!q}
 p - a potion of haste {@q3}
 r - 3 potions of brilliance
 v - a potion of flight
 z - a potion of resistance
 B - 4 potions of magic
Comestibles
 e - 8 rations {!d}


   Skills:
 + Level 8.0 Fighting
 * Level 13.5 Polearms
 - Level 4.0 Armour
 + Level 9.3 Dodging
 - Level 2.0 Spellcasting
 + Level 1.1 Hexes
 + Level 4.6 Charms
 + Level 0.8 Necromancy
 + Level 0.8 Translocations


You had 5 spell levels left.
You knew the following spells:

 Your Spells              Type           Power        Failure   Level  Hunger
e - Regeneration          Chrm/Necr      #.........   26%         3    ###....
q - Shroud of Golubria    Chrm/Tloc      #.........   13%         2    ###....
t - Spectral Weapon       Hex/Chrm       ##......     24%         3    ###....

Your spell library contained the following spells:

 Spells                   Type           Power        Failure   Level  Hunger
 Infusion                 Chrm           ###.         4%          1    #......
 Song of Slaying          Chrm           ###.....     6%          2    ###....
 Corona                   Hex            #......      17%         1    #......
 Ensorcelled Hibernation  Hex/Ice        #.....       32%         2    ###....
 Confuse                  Hex            #.......     45%         3    ###....
 Tukima's Dance           Hex            #.......     45%         3    ###....
 Dazzling Spray           Conj/Hex       #.....       54%         3    ###....


Dungeon Overview and Level Annotations

Branches:
Dungeon (9/15)             Temple (1/1) D:6            Lair (1/6) D:8
    Orc: D:9-12

Altars:
Ashenzari
Cheibriados
Dithmenos
Elyvilon
Fedhas
Gozag
Hepliaklqana
Kikubaaqudgha
Makhleb
Nemelex Xobeh
Qazlal
Ru
Sif Muna
Trog
Uskayaw
Vehumet
Wu Jian
Xom
Yredelemnul
Zin
The Shining One

Shops:
D:6 *


Message History

Aim: a spiny frog (moderately wounded)
You reach to attack!
You puncture the spiny frog!
Your skin is crawling a little less now.
Your spectral weapon completely misses the spiny frog.
You barely miss the spiny frog.
Your spectral weapon hits the spiny frog from afar.
The spiny frog stings you!!
* * * LOW HITPOINT WARNING * * *
You barely miss the spiny frog.
Your spectral weapon closely misses the spiny frog.
The spiny frog closely misses you.
You hit the spiny frog but do no damage.
Your spectral weapon barely misses the spiny frog.
The spiny frog completely misses you.
You feel sick.
The spiny frog stings your spectral weapon!!
Your spectral weapon shares its damage with you!
Your spectral weapon fades away.
* * * LOW HITPOINT WARNING * * *
Okay, then.
You feel better.
You completely miss the spiny frog. The spiny frog misses you.
You barely miss the spiny frog.
Your skin stops crawling.
The spiny frog barely misses you.
You don't have enough magic to cast that spell.
You puncture the spiny frog! You barely miss the spiny frog.
Your shroud bends the spiny frog's attack away!
You hit the spiny frog but do no damage.
The spiny frog stings you!
* * * LOW HITPOINT WARNING * * *
You are lethally poisoned!
The spiny frog poisons you!
You feel better.
Your shroud begins to fray at the edges.
The spiny frog barely misses you.
You don't have enough magic to cast that spell.
You hit the spiny frog. The spiny frog closely misses you.
You hit the spiny frog but do no damage.
The spiny frog misses you.
You closely miss the spiny frog. You hit the spiny frog.
The spiny frog closely misses you.
You barely miss the spiny frog.
The spiny frog stings you but does no damage.
You barely miss the spiny frog.
You hit the spiny frog but do no damage.
The spiny frog stings you!!
You die...
Your body crumbles into a pile of gold.

#.......... ....
#.......... ....
#.......... .....
#########..........
.$...##.P##.##P..........
.........................
.........................
.......................##
.......F@..............#
...$...................#
.......................#
$ >......................
$......................
.....########.#.. .....
## .....


You could see a spiny frog.

Vanquished Creatures
  A two-headed ogre (D:8)
  2 spiny frogs (Lair:1)
  2 hippogriffs
  A spriggan (D:7)
  2 hungry ghosts
  2 wargs
  3 orc warriors
  A sky beast (D:8)
  3 ice beasts
  A black bear (D:8)
  3 ogres
  A crocodile (Lair:1)
  A big kobold (D:7)
  An elf zombie (Ossuary)
  3 bullfrogs
  5 wights (D:6)
  2 howler monkeys
  4 crimson imps
  3 centaur zombies
  A human zombie (Ossuary)
  A lava snake (D:7)
  A bullfrog zombie (D:8)
  2 jellies
  3 bullfrog skeletons
  A centaur skeleton (D:5)
  5 orc priests
  3 orc wizards
  5 iguanas
  4 worker ants
  A hound zombie (D:8)
  2 mummies (Ossuary)
  4 gnolls
  5 adders
  2 shadow imps (D:6)
  2 adder skeletons
  4 worms
  6 leopard geckos
  10 orcs
  4 ball pythons
  3 giant cockroaches
  5 goblins
  8 hobgoblins
  3 jackals (D:5)
  18 kobolds
  2 quokkas
  9 bats
  A frilled lizard (D:3)
  A goblin zombie (Ossuary)
  11 hobgoblin zombies (Ossuary)
  4 jackal zombies
  12 kobold zombies (Ossuary)
  A leopard gecko skeleton (D:4)
  A leopard gecko zombie (D:6)
  5 orc zombies (Ossuary)
  A quokka skeleton (D:5)
  5 rats
  A rat zombie (Ossuary)
198 creatures vanquished.

Vanquished Creatures (others)
  A spectral weapon (Lair:1)
1 creature vanquished.

Grand Total: 199 creatures vanquished

Notes
Turn   | Place    | Note
-------+----------+-------------------------------------------
     0 | D:1      | MalarOregon the Merfolk Skald began the quest for the Orb.
     0 | D:1      | Reached XP level 1. HP: 16/16 MP: 3/3
   274 | D:1      | Reached XP level 2. HP: 23/23 MP: 5/5
   791 | D:2      | Reached skill level 1 in Armour
  1063 | D:2      | Found a sacrificial altar of Ru.
  1080 | D:2      | Reached XP level 3. HP: 14/28 MP: 6/6
  1100 | D:2      | Reached skill level 4 in Polearms
  1387 | D:2      | Reached XP level 4. HP: 34/34 MP: 7/7
  2821 | D:2      | Found a glowing golden altar of the Shining One.
  2940 | D:2      | Reached XP level 5. HP: 33/41 MP: 8/8
  3240 | D:3      | Found a radiant altar of Vehumet.
  3582 | D:3      | Found a faded altar of an unknown god.
  3609 | D:3      | Reached skill level 5 in Polearms
  4576 | D:4      | Found a hazy altar of Hepliaklqana.
  4601 | D:4      | Reached XP level 6. HP: 28/47 MP: 9/9
  4865 | D:4      | Found a shimmering altar of Xom.
  4955 | D:5      | Entered Level 5 of the Dungeon
  5639 | D:5      | Reached skill level 6 in Polearms
  5728 | D:5      | Reached XP level 7. HP: 28/53 MP: 5/10
  5981 | D:5      | Found a snail-covered altar of Cheibriados.
  6136 | D:5      | Found a deep blue altar of Sif Muna.
  6245 | D:5      | Reached skill level 7 in Polearms
  6514 | D:6      | Found Xatudo Samo's General Store.
  6533 | D:6      | Reached skill level 5 in Dodging
  6538 | D:6      | Bought a +0 cloak for 63 gold pieces
  6559 | D:6      | Noticed a hungry ghost
  6597 | D:6      | Killed a hungry ghost
  6670 | D:6      | Found a staircase to the Ecumenical Temple.
  6702 | Temple   | Entered the Ecumenical Temple
  6715 | Temple   | Became a worshipper of Gozag Ym Sagoz the Greedy
  6790 | D:6      | Found a basalt altar of Yredelemnul.
  6838 | D:6      | Reached skill level 8 in Polearms
  6838 | D:6      | Reached XP level 8. HP: 59/61 MP: 9/11
  7250 | D:6      | Reached skill level 5 in Fighting
  7530 | D:7      | Found a hide-covered altar of Uskayaw.
  7530 | D:7      | Found a stormy altar of Qazlal.
  7532 | D:7      | Found a bloodstained altar of Trog.
  7580 | D:7      | Reached skill level 9 in Polearms
  8224 | D:6      | Bought a ration for 70 gold pieces
  8224 | D:6      | Bought a ration for 70 gold pieces
  8779 | D:7      | Noticed a spriggan baker
  8791 | D:7      | Killed a spriggan baker
  8791 | D:7      | Reached skill level 10 in Polearms
  8791 | D:7      | Reached XP level 9. HP: 33/69 MP: 5/12
  9489 | D:8      | Found a sand-covered staircase.
  9498 | Ossuary  | Entered an ossuary
  9929 | Ossuary  | Reached skill level 11 in Polearms
 10385 | D:8      | Found a staircase to the Lair.
 10727 | D:7      | Reached skill level 12 in Polearms
 11021 | D:7      | Reached XP level 10. HP: 32/79 MP: 4/13
 11322 | D:8      | Noticed a two-headed ogre
 11346 | D:8      | Killed a two-headed ogre
 11346 | D:8      | Reached skill level 13 in Polearms
 12205 | D:9      | Noticed a two-headed ogre
 12288 | D:8      | Learned a level 3 spell: Spectral Weapon
 12291 | D:8      | Learned a level 2 spell: Shroud of Golubria
 12295 | D:8      | Learned a level 3 spell: Regeneration
 12346 | Lair:1   | Entered Level 1 of the Lair of Beasts
 12357 | Lair:1   | Noticed a spiny frog
 12368 | Lair:1   | Killed a spiny frog
 12398 | Lair:1   | Noticed a spiny frog
 12409 | Lair:1   | Killed a spiny frog
 12409 | Lair:1   | Reached skill level 1 in Hexes
 12437 | Lair:1   | Noticed a spiny frog
 12460 | Lair:1   | Slain by a spiny frog

Skill      XL: |  1  2  3  4  5  6  7  8  9 10 |
---------------+-------------------------------+-----
Armour         | 1 2 3 4 |  4.0
Dodging        | 3 4 5 6 8 9 |  9.3
Polearms       | 4 5 6 8 10 12 13 | 13.5
Fighting       | 3 4 5 7 8 |  8.0
Charms         | 4 |  4.6
Hexes          | 1 |  1.1
Spellcasting   | |  2.0
Necromancy     | |  0.8
Translocations | |  0.8

Action                   |  1- 3 |  4- 6 |  7- 9 | 10-12 || total
-------------------------+-------+-------+-------+-------++-------
Melee: Spear             |    94 |   372 |   217 |       ||   683
       Trident           |       |       |   476 |   100 ||   576
 Cast: Regeneration      |       |       |       |     1 ||     1
       Shroud of Golubri |       |       |       |     1 ||     1
       Spectral Weapon   |       |       |       |     1 ||     1
Evoke: Wand              |       |       |     9 |     1 ||    10
  Use: Potion            |       |     2 |     2 |     3 ||     7
       Scroll            |       |    13 |     5 |     5 ||    23
 Stab: Sleeping          |     2 |     2 |       |     1 ||     5
       Distracted        |     1 |       |     3 |       ||     4
  Eat: Chunk             |     1 |    13 |     3 |       ||    17
       Ration            |       |       |     7 |     2 ||     9
Armor: Leather armour    |    13 |    38 |    77 |     7 ||   135
Dodge: Dodged            |    37 |   160 |   340 |    54 ||   591
